[Event "Titled Tuesday Blitz January 17 Late 2023"]
[White "Borges Feria, Yasel"]
[Black "Hirneise, Jens"]
[WhiteFideId "3504921"]
[BlackFideId "24614734"]
[WhiteElo "2439"]
[BlackElo "2277"]
[Result "1-0"]
[Round "05"]
[TimeControl "180+2"]
[Date "2023.01.17"]
[WhiteClock "0:00:24"]
[BlackClock "0:00:11"]

1. d4 Nf6 2. c4 e5 3. dxe5 Ne4 4. a3 Bc5 5. e3 c6 6. Qg4 Ng5 7. h4 Ne6 8. Nc3 d5 9. Qd1 d4 10. Ne4 dxe3 11. Bxe3 Bxe3 12. Nd6+ Kf8 13. fxe3 Nd7 14. Nf3 Nxe5 15. Qd2 Nxf3+ 16. gxf3 Qe7 17. O-O-O h5 18. Kb1 b5 19. cxb5 cxb5 20. Nf5 Qc7 21. Rg1 Bb7 22. Rc1 Qe5 23. Qb4+ Kg8 24. Ne7+ Kh7 25. Bd3+ g6 26. Nxg6 fxg6 27. Qe7+ 1-0


[Site "https://www.chess.com"]

[Event "Titled Tuesday Blitz January 17 Late 2023"]
[White "Yuan, Qingyu"]
[Black "Martynov, Pavel"]
[WhiteFideId "8609772"]
[BlackFideId "4101260"]
[WhiteElo "2373"]
[BlackElo "2414"]
[Result "1/2-1/2"]
[Round "05"]
[TimeControl "180+2"]
[Date "2023.01.17"]
[WhiteClock "0:00:17"]
[BlackClock "0:00:06"]

1. e4 c5 2. Nf3 e6 3. c3 d5 4. exd5 Qxd5 5. d4 Nf6 6. Na3 Nc6 7. Be3 cxd4 8. Nb5 Qd7 9. Nbxd4 Bd6 10. Bb5 Qc7 11. Nxc6 bxc6 12. Bc4 O-O 13. O-O Bb7 14. Qe2 c5 15. h3 h6 16. Ba6 Rab8 17. Bxb7 Qxb7 18. b3 Nd5 19. c4 Nxe3 20. Qxe3 Rfd8 21. Rad1 Qa6 22. Rd2 Be7 23. Rfd1 Rxd2 24. Rxd2 f6 25. Rd7 Bf8 26. Qe4 Qxa2 27. Qxe6+ Kh8 28. Nh4 Qxb3 29. Ng6+ Kh7 30. Nxf8+ Rxf8 31. Qe7 Rg8 32. Qxc5 a5 33. Kh2 a4 34. Ra7 Rd8 35. f4 Qb8 36. Qf5+ Kh8 37. Rxa4 Rd4 38. Ra1 Rxf4 39. Qb5 Qxb5 40. cxb5 Rb4 41. Ra8+ Kh7 42. Rb8 Kg6 43. Rb7 Rb3 44. b6 h5 45. h4 Kf5 46. Rxg7 Rxb6 47. Rg8 Rb4 48. g3 Rb2+ 49. Kh3 Rb1 50. Rh8 Kg6 51. Rg8+ Kf5 52. Kg2 Rb2+ 53. Kf3 Rb3+ 54. Kf2 Rb2+ 55. Ke3 Rb3+ 56. Kf2 Rb2+ 57. Kg1 Rb1+ 58. Kg2 Rb2+ 59. Kh3 Rb1 1/2-1/2


[Site "https://www.chess.com"]

[Event "Titled Tuesday Blitz January 17 Late 2023"]
[White "Fernandez Guillen, Ernesto J."]
[Black "Sielecki, Christof"]
[WhiteFideId "3512428"]
[BlackFideId "4620437"]
[WhiteElo "2477"]
[BlackElo "2419"]
[Result "0-1"]
[Round "05"]
[TimeControl "180+2"]
[Date "2023.01.17"]
[WhiteClock "0:00:03"]
[BlackClock "0:00:38"]

1. e4 c5 2. Nf3 a6 3. d4 cxd4 4. Nxd4 Nf6 5. Nc3 e5 6. Nb3 Bb4 7. Bg5 h6 8. Bxf6 Bxc3+ 9. bxc3 Qxf6 10. Bc4 O-O 11. Qd2 d6 12. O-O-O Nc6 13. f3 Rd8 14. Kb2 Be6 15. Bd5 Rac8 16. a4 Qe7 17. c4 Bxd5 18. cxd5 Nb8 19. Qb4 Rc7 20. c4 Nd7 21. Rc1 Rdc8 22. Rc2 Nc5 23. Nxc5 Rxc5 24. Rhc1 Qc7 25. Rc3 g6 26. Rb3 b5 27. axb5 axb5 28. Rbc3 bxc4 29. Kc2 Rb8 30. Qa4 Qb6 31. Rxc4 Rxc4+ 32. Qxc4 Qf2+ 33. Kd1 Qxg2 34. Qe2 Qg1+ 35. Qe1 Qxh2 36. Qe2 Qg1+ 37. Qe1 Qd4+ 38. Qd2 Qg1+ 39. Qe1 Qg2 40. Qe2 Qh1+ 41. Kd2 Rb2+ 42. Rc2 Qb1 43. Rxb2 Qxb2+ 44. Ke1 Qxe2+ 45. Kxe2 f5 0-1


[Site "https://www.chess.com"]

[Event "Titled Tuesday Blitz January 17 Late 2023"]
[White "Al-Tarboush, Ward"]
[Black "Nasuta, Grzegorz"]
[WhiteFideId "7601450"]
[BlackFideId "1141686"]
[WhiteElo "2256"]
[BlackElo "2552"]
[Result "0-1"]
[Round "05"]
[TimeControl "180+2"]
[Date "2023.01.17"]
[WhiteClock "0:00:01"]
[BlackClock "0:00:03"]

1. e4 c5 2. Nf3 e6 3. d4 cxd4 4. Nxd4 Nf6 5. Nc3 d6 6. g4 h6 7. Bg2 Be7 8. h4 Nfd7 9. g5 hxg5 10. hxg5 Rxh1+ 11. Bxh1 Bxg5 12. Nxe6 fxe6 13. Qh5+ Kf8 14. Bxg5 Qe8 15. Qh8+ Kf7 16. Qh5+ Kf8 17. Qh2 Ne5 18. O-O-O Nc4 19. e5 Nxe5 20. Rxd6 Nf7 21. Ne4 Nc6 22. Be3 Kg8 23. Rd3 e5 24. Bc5 Bf5 25. Rg3 Qe6 26. Qh4 Qh6+ 27. Qxh6 Nxh6 28. Nd6 Nd4 29. Bd5+ Kh7 30. Bxd4 exd4 31. Nxf5 Nxf5 32. Be4 g6 33. Rb3 Re8 34. Rxb7+ Kh6 35. Bxf5 gxf5 36. Rxa7 Re2 37. Rd7 Rxf2 38. Rxd4 Kg5 39. a4 f4 40. a5 f3 41. Rd8 Re2 42. Rg8+ Kf4 43. Rf8+ Ke3 44. Kd1 Rd2+ 45. Kc1 Re2 46. a6 Re1# 0-1


[Site "https://www.chess.com"]

[Event "Titled Tuesday Blitz January 17 Late 2023"]
[White "Martinez Reyes, Pedro Ramon"]
[Black "Dimitrov, Atanas"]
[WhiteFideId "3901807"]
[BlackFideId "2901315"]
[WhiteElo "2376"]
[BlackElo "2269"]
[Result "0-1"]
[Round "05"]
[TimeControl "180+2"]
[Date "2023.01.17"]
[WhiteClock "0:00:17"]
[BlackClock "0:00:08"]

1. e4 c5 2. Nf3 d6 3. Bb5+ Bd7 4. Bxd7+ Nxd7 5. O-O Ngf6 6. Re1 g6 7. c3 Bg7 8. d4 cxd4 9. cxd4 e5 10. dxe5 dxe5 11. Nc3 O-O 12. Bg5 Qb6 13. Bxf6 Nxf6 14. Qe2 Rfe8 15. Rad1 Rac8 16. h3 h6 17. Rd2 Nh5 18. g3 Nxg3 19. Qb5 Qf6 20. fxg3 Qxf3 21. Rg2 b6 22. Rf1 Qe3+ 23. Kh2 Qc5 24. Qb3 Qc4 25. Qxc4 Rxc4 26. Rd2 Re7 27. Rd8+ Kh7 28. Nd5 Rb7 29. Rf2 Rxe4 30. Rd2 Rd4 31. Rxd4 exd4 32. Kg2 g5 33. g4 b5 34. Kf3 b4 35. b3 a5 36. Ra8 Rb5 37. Ke4 Rc5 38. Ra7 Rc2 39. Rxf7 Rxa2 40. Ra7 Re2+ 41. Kd3 Rh2 42. Ne7 Rxh3+ 43. Kc4 Rc3+ 44. Kb5 Kh8 45. Nf5 Bf8 46. Ra8 Kg8 47. Nxh6+ Kg7 48. Nf5+ Kf7 49. Nxd4 Rg3 50. Ra7+ Kf6 51. Ra8 Rxg4 52. Nc6 Bd6 53. Nxa5 Rf4 54. Nc4 Be7 55. Kc6 g4 56. Kd5 Kf5 57. Re8 Bf6 58. Rf8 Kg6 59. Rg8+ Bg7 60. Nd6 g3 61. Re8 g2 62. Re1 Rf1 63. Re6+ Bf6 64. Ne4 g1=Q 65. Nxf6 Rxf6 66. Rxf6+ Kxf6 67. Kc6 Qc1+ 68. Kb7 Qc3 69. Ka8 Qxb3 70. Ka7 Qe6 71. Ka8 b3 72. Ka7 Ke5 73. Ka8 Kd6 74. Ka7 Kc6 75. Ka8 Qe7 76. Kb8 Qb7# 0-1


[Site "https://www.chess.com"]

[Event "Titled Tuesday Blitz January 17 Late 2023"]
[White "Winterberg, Lukas"]
[Black "Sokolovsky, Yahli"]
[WhiteFideId "24622702"]
[BlackFideId "2820242"]
[WhiteElo "2402"]
[BlackElo "2461"]
[Result "0-1"]
[Round "05"]
[TimeControl "180+2"]
[Date "2023.01.17"]
[WhiteClock "0:00:02"]
[BlackClock "0:00:11"]

1. Nf3 d5 2. d4 Bg4 3. Nbd2 e6 4. e3 c6 5. h3 Bxf3 6. Nxf3 f5 7. Ne5 Nd7 8. Nxd7 Qxd7 9. c4 Nf6 10. Bd2 Bd6 11. Bd3 O-O 12. a3 a5 13. cxd5 exd5 14. O-O Ne4 15. b4 Bc7 16. bxa5 Qd6 17. f4 Rfe8 18. Bb4 Qd7 19. Re1 Bxa5 20. Qb3 g6 21. Bxa5 Rxa5 22. Rab1 Nd6 23. Qb4 Rea8 24. Rb3 Kg7 25. Reb1 Qe6 26. Kf2 Qe7 27. Qc3 Rxa3 28. Bc2 Ra2 29. R1b2 Ra1 30. Rb1 R8a2 31. Qxa1 Rxa1 32. Rxa1 h5 33. Ra7 h4 34. Bd3 Kh6 35. Rc3 Qd8 36. Rb3 g5 37. Ra1 Qf6 38. fxg5+ Kxg5 39. Ra8 Kh6 40. Rba3 f4 41. Rb8 fxe3+ 42. Kxe3 Qg5+ 43. Ke2 Qxg2+ 44. Kd1 Qg1+ 45. Kc2 Qh2+ 46. Kc3 Nc4 0-1


[Site "https://www.chess.com"]

[Event "Titled Tuesday Blitz January 17 Late 2023"]
[White "Jovic, Stanoje"]
[Black "Djordjevic, Vuk"]
[WhiteFideId "905020"]
[BlackFideId "902098"]
[WhiteElo "2075"]
[BlackElo "2375"]
[Result "1/2-1/2"]
[Round "05"]
[TimeControl "180+2"]
[Date "2023.01.17"]
[WhiteClock "0:00:03"]
[BlackClock "0:00:06"]

1. c4 e5 2. g3 Nc6 3. Bg2 g6 4. Nc3 Bg7 5. Nf3 d6 6. O-O Be6 7. d3 h6 8. Rb1 Qd7 9. b4 Bh3 10. b5 Nd8 11. Nd5 Bxg2 12. Kxg2 c6 13. bxc6 bxc6 14. Nc3 f5 15. e4 Ne7 16. h3 O-O 17. Nh2 Ne6 18. Qa4 f4 19. g4 f3+ 20. Nxf3 h5 21. gxh5 Nf4+ 22. Bxf4 Rxf4 23. Nd5 Nxd5 24. cxd5 Raf8 25. dxc6 Qf7 26. Rb7 Qf6 27. Rxg7+ Kxg7 28. Qxa7+ Rf7 29. h6+ Kxh6 30. Qe3 Kg7 31. Nh2 Qe6 32. Rc1 Qxa2 33. Ng4 Rc7 34. d4 Qe6 35. dxe5 dxe5 36. Qb6 Qd6 37. Rd1 Qxc6 38. Qxc6 Rxc6 39. Rd7+ Kf8 40. Nxe5 Re6 41. Rd5 Rxe4 42. Ng4 Rf4 43. Kg3 Ra4 44. Rd7 Ra3+ 45. Kg2 Ra5 46. Rc7 Rf5 47. Rd7 Ra6 48. Rc7 Rf7 49. Rxf7+ Kxf7 50. Kg3 Ra4 51. Kg2 Ke6 52. Kg3 Kf5 53. Kg2 Kf4 54. Nf6 Ra2 55. Nd5+ Ke5 56. Ne3 Ke4 57. Ng4 Rb2 58. Nf6+ Ke5 59. Ng4+ Kf4 60. Ne3 Rb8 61. Nd5+ Ke4 62. Ne7 Re8 63. Nc6 Kd3 64. Kg3 Kc4 65. f4 Kc5 66. Ne5 g5 67. Kg4 gxf4 68. Kxf4 Kd5 69. Ng4 Rf8+ 70. Kg5 Ke6 71. h4 Rg8+ 72. Kf4 Rh8 73. Kg3 Kf5 74. Ne3+ Ke4 75. Ng4 Rg8 76. Kh3 Kf4 77. Nf6 Rg6 78. Nh5+ Kf3 79. Kh2 Kg4 80. Ng3 Kxh4 81. Nf5+ Kg4 82. Ne3+ Kf3 83. Nf5 Rg5 84. Nd4+ Kf2 85. Kh3 Ke3 86. Nc2+ Kd3 87. Nb4+ Kc3 88. Nc6 Kc4 89. Kh4 Rg7 90. Ne5+ Kd4 91. Nf3+ Ke4 92. Ng5+ Kf4 93. Ne6+ Kf5 94. Nxg7+ 1/2-1/2


[Site "https://www.chess.com"]

[Event "Titled Tuesday Blitz January 17 Late 2023"]
[White "Timmermans, Mark"]
[Black "Haszon, David"]
[WhiteFideId "1026399"]
[BlackFideId "733610"]
[WhiteElo "2392"]
[BlackElo "2264"]
[Result "1-0"]
[Round "05"]
[TimeControl "180+2"]
[Date "2023.01.17"]
[WhiteClock "0:00:32"]
[BlackClock "0:00:21"]

1. e4 c5 2. Nf3 d6 3. d4 cxd4 4. Nxd4 Nf6 5. Nc3 a6 6. Rg1 e5 7. Nb3 h5 8. Bg5 Be6 9. Qd2 Be7 10. O-O-O a5 11. Bb5+ Kf8 12. Bxf6 gxf6 13. f4 Nc6 14. f5 Bxb3 15. axb3 Nd4 16. Qe3 Qb6 17. Kb1 Rc8 18. Bc4 Qc5 19. Na4 Qc6 20. c3 b5 21. Bd5 Qc7 22. cxd4 exd4 23. Qxd4 bxa4 24. Rc1 Qb8 25. Rxc8+ Qxc8 26. Rc1 Qa6 27. Bc4 Qb7 28. bxa4 Rg8 29. g3 h4 30. Bd5 Qb8 31. Qe3 Bd8 32. Qh6+ Ke7 33. Qh7 Rf8 34. Qxh4 Qb4 35. Rc4 Qe1+ 36. Ka2 Bb6 37. Qf4 Bc5 38. Rxc5 dxc5 39. Qc7+ Ke8 40. Bc6# 1-0


[Site "https://www.chess.com"]

[Event "Titled Tuesday Blitz January 17 Late 2023"]
[White "Medeiros,Thauane Ferreira"]
[Black "Milikow, Yoav"]
[WhiteFideId "2134470"]
[BlackFideId "2822237"]
[WhiteElo "1854"]
[BlackElo "2394"]
[Result "0-1"]
[Round "05"]
[TimeControl "180+2"]
[Date "2023.01.17"]
[WhiteClock "0:00:02"]
[BlackClock "0:00:21"]

1. d4 Nf6 2. Bg5 Ne4 3. Bf4 c5 4. f3 Nf6 5. dxc5 Nc6 6. e4 Qa5+ 7. Qd2 Qxc5 8. Be3 Qe5 9. Nc3 Qb8 10. O-O-O d6 11. Nge2 Bd7 12. Kb1 g6 13. h4 Bg7 14. g4 Ne5 15. Bg2 Nc4 16. Qd3 Nxe3 17. Qxe3 O-O 18. h5 Qc7 19. h6 Bh8 20. g5 Ne8 21. f4 Bc6 22. Nd5 Bxd5 23. Rxd5 Rc8 24. c3 Qb8 25. Rhd1 Nc7 26. R5d2 Rcd8 27. f5 Na8 28. fxg6 hxg6 29. h7+ Kg7 30. Rh1 Qc8 31. Qd4+ e5 32. Qf2 f5 33. gxf6+ Rxf6 34. Qh4 Nb6 35. Bh3 Qc6 36. Ng3 Nc4 37. Rg2 Kf7 38. Rhg1 Qb6 39. Bf5 Nd2+ 40. Ka1 Nf3 41. Bxg6+ Rxg6 42. Qh5 Qxg1+ 43. Rxg1 Nxg1 44. Nf5 Nf3 45. a3 Rf8 46. Qxf3 Rf6 47. Qh5+ Ke6 48. Qg4 Kd7 49. Nh6+ Kc7 50. Ng8 Rf4 51. Qe6 R8f7 52. Ne7 Rxh7 53. Nd5+ Kc6 54. Qc8+ Kb5 55. a4+ Ka5 56. b4+ Kxa4 57. Qe8+ Kb3 0-1


[Site "https://www.chess.com"]

[Event "Titled Tuesday Blitz January 17 Late 2023"]
[White "Kamsky, Gata"]
[Black "Richter, Paul"]
[WhiteFideId "2000024"]
[BlackFideId "2046350"]
[WhiteElo "2665"]
[BlackElo "2171"]
[Result "1-0"]
[Round "05"]
[TimeControl "180+2"]
[Date "2023.01.17"]
[WhiteClock "0:00:36"]
[BlackClock "0:00:02"]

1. e4 c5 2. Nf3 d6 3. d4 cxd4 4. Nxd4 Nf6 5. Nc3 g6 6. Be3 Bg7 7. f3 O-O 8. Qd2 Nc6 9. Bc4 Bd7 10. O-O Rc8 11. Bb3 Ne5 12. a4 Nc4 13. Bxc4 Rxc4 14. a5 Qb8 15. b3 Rcc8 16. Nd5 Nxd5 17. exd5 b5 18. axb6 axb6 19. Bh6 Bxh6 20. Qxh6 b5 21. Rfe1 Qb6 22. Rad1 e5 23. dxe6 fxe6 24. Qe3 e5 25. Nf5 Qxe3+ 26. Nxe3 Rc6 27. c4 bxc4 28. Nxc4 Be6 29. Rxd6 Rxd6 30. Nxd6 Bxb3 31. Rxe5 Bf7 32. Re7 Bd5 33. Kf2 Rd8 34. Nb5 Rb8 35. Nc3 Bf7 36. h4 h6 37. Ne4 Kf8 38. Rc7 Rb6 39. g4 Ra6 40. Nc5 Rd6 41. Nd7+ Kg8 42. Ne5 Be8 43. f4 Re6 44. g5 hxg5 45. hxg5 Ra6 46. Ng4 Bf7 47. Nh6+ 1-0


[Site "https://www.chess.com"]

[Event "Titled Tuesday Blitz January 17 Late 2023"]
[White "Quispe Arteaga, Gabriel"]
[Black "ArchibaldCerveza29"]
[WhiteFideId "32059809"]
[WhiteElo "2381"]
[BlackElo "2547"]
[Result "1-0"]
[Round "05"]
[TimeControl "180+2"]
[Date "2023.01.17"]
[WhiteClock "0:02:24"]
[BlackClock "0:01:58"]

1. c4 Nf6 2. Nc3 e6 3. e4 d5 4. e5 d4 5. exf6 dxc3 6. bxc3 Qxf6 7. Nf3 c5 8. Bd3 Bd7 9. Qe2 Bd6 10. Rb1 Bc6 11. Be4 b6 12. d4 Bf4 13. O-O cxd4 14. Bxc6+ Nxc6 15. Qe4 e5 16. Bxf4 1-0


[Site "https://www.chess.com"]

[Event "Titled Tuesday Blitz January 17 Late 2023"]
[White "Yanchenko, Roman"]
[Black "Musovic, Armin"]
[WhiteFideId "4137329"]
[BlackFideId "939935"]
[WhiteElo "2466"]
[BlackElo "2261"]
[Result "1-0"]
[Round "05"]
[TimeControl "180+2"]
[Date "2023.01.17"]
[WhiteClock "0:00:16"]
[BlackClock "0:00:08"]

1. d4 d5 2. c4 c5 3. dxc5 e6 4. cxd5 Bxc5 5. Nc3 Nf6 6. e3 exd5 7. Bd3 O-O 8. Nge2 Nc6 9. O-O Bd6 10. a3 a6 11. Ng3 Bg4 12. Be2 Be6 13. b4 Re8 14. Bb2 Rc8 15. b5 axb5 16. Nxb5 Bb8 17. Rc1 Ne4 18. Bf3 Nxg3 19. hxg3 Qg5 20. Nd4 Ne5 21. Rxc8 Bxc8 22. Bxd5 Ng4 23. Bf3 Nxf2 24. Rxf2 Bxg3 25. Ne2 Bxf2+ 26. Kxf2 Qxe3+ 27. Kf1 Bh3 28. Qd5 Be6 29. Qb5 Rd8 30. Nd4 h6 31. Nxe6 Qxe6 32. Qxb7 Qc4+ 33. Kg1 Re8 34. Qb4 Qe6 35. Qd4 Qg6 36. Kf2 Rc8 37. Bc3 Re8 38. g4 Rc8 39. Kg3 Re8 40. Bd5 Rf8 41. Be4 Qg5 42. Bf5 Kh8 43. Qe5 Rd8 44. Be4 Rc8 45. Qxg5 hxg5 46. Bb4 Re8 47. Bd5 Re3+ 48. Kf2 Re5 49. Bxf7 Rb5 50. Be6 Rb6 51. Bf5 g6 52. Be4 Kh7 53. Ke3 Rb8 54. Bd6 Rb6 55. Bc5 Ra6 56. Kd4 Ra4+ 57. Kd5 Ra5 58. Kd6 Ra6+ 59. Ke7 Ra4 60. Bb4 Ra7+ 61. Ke6 Kh6 62. Bd3 Ra8 63. Bc4 Rd8 64. Bd5 Re8+ 65. Kf7 Re2 66. Kg8 Rf2 67. Bf8+ Rxf8+ 68. Kxf8 Kh7 69. Ke7 Kh6 70. a4 Kh7 71. a5 Kh6 72. a6 Kg7 73. a7 Kh6 74. a8=Q Kg7 75. Qg8+ 1-0


[Site "https://www.chess.com"]

[Event "Titled Tuesday Blitz January 17 Late 2023"]
[White "Ibadov, Dashgyn"]
[Black "Jaracz, Pawel"]
[WhiteFideId "24107514"]
[BlackFideId "1102222"]
[WhiteElo "2391"]
[BlackElo "2467"]
[Result "1-0"]
[Round "05"]
[TimeControl "180+2"]
[Date "2023.01.17"]
[WhiteClock "0:00:04"]
[BlackClock "0:00:04"]

1. e4 c5 2. Nf3 e6 3. d4 cxd4 4. Nxd4 Nc6 5. Nc3 Qc7 6. Be3 a6 7. Qf3 Ne5 8. Qg3 h5 9. h4 Nf6 10. Be2 b5 11. Bf4 d6 12. a3 Bd7 13. O-O Be7 14. Rad1 O-O 15. Bh6 Ng6 16. Bg5 Qc5 17. Kh1 a5 18. Be3 Qc8 19. Ndxb5 Bxb5 20. Bxb5 Ng4 21. Bg5 Bxg5 22. hxg5 Qc5 23. Rxd6 h4 24. Qxg4 Qxd6 25. f4 e5 26. f5 Nf4 27. Qxh4 Rab8 28. Bc4 Qd4 29. Ba2 Rxb2 30. g6 Qxc3 31. Qh7# 1-0


[Site "https://www.chess.com"]

[Event "Titled Tuesday Blitz January 17 Late 2023"]
[White "Leitao, Rafael"]
[Black "Mendez Fortes, Eduardo Jesus"]
[WhiteFideId "2101246"]
[BlackFideId "3502376"]
[WhiteElo "2592"]
[BlackElo "2250"]
[Result "1-0"]
[Round "05"]
[TimeControl "180+2"]
[Date "2023.01.17"]
[WhiteClock "0:00:36"]
[BlackClock "0:00:14"]

1. c4 Nf6 2. Nc3 e6 3. e4 d5 4. e5 d4 5. exf6 dxc3 6. bxc3 Qxf6 7. Nf3 b6 8. d4 h6 9. Bd3 Bb7 10. O-O Nd7 11. Nd2 O-O-O 12. a4 e5 13. Bb2 Qg5 14. Be4 Bxe4 15. Nxe4 Qf4 16. Nd2 Nf6 17. a5 Bd6 18. axb6 axb6 19. c5 bxc5 20. Qa4 Rde8 21. Qc6 Kd8 22. dxc5 Ng4 23. g3 Qxd2 24. cxd6 cxd6 25. Ra7 1-0


[Site "https://www.chess.com"]

[Event "Titled Tuesday Blitz January 17 Late 2023"]
[White "Principe, Gerson"]
[Black "Nazari, Arad"]
[WhiteFideId "3804550"]
[BlackFideId "12577324"]
[WhiteElo "2226"]
[BlackElo "2367"]
[Result "0-1"]
[Round "05"]
[TimeControl "180+2"]
[Date "2023.01.17"]
[WhiteClock "0:01:41"]
[BlackClock "0:02:42"]

1. d4 Nf6 2. Nf3 g6 3. e3 Bg7 4. Be2 O-O 5. O-O d5 6. b3 c5 7. Bb2 Ne4 8. Nbd2 Nc6 9. c4 cxd4 10. Nxd4 Nxd2 11. Nxc6 bxc6 12. Bxg7 Nxf1 13. Bxf8 Nxe3 14. Qd4 Nf5 0-1


[Site "https://www.chess.com"]

[Event "Titled Tuesday Blitz January 17 Late 2023"]
[White "Wieczorek, Oskar"]
[Black "Fisher_TheGalactic"]
[WhiteFideId "1133950"]
[WhiteElo "2512"]
[BlackElo "2537"]
[Result "1-0"]
[Round "05"]
[TimeControl "180+2"]
[Date "2023.01.17"]
[WhiteClock "0:00:33"]
[BlackClock "0:00:01"]

1. e4 e6 2. d4 d5 3. Nd2 dxe4 4. Nxe4 Nd7 5. Nf3 Ngf6 6. Bd3 Nxe4 7. Bxe4 Nf6 8. Bd3 c5 9. Be3 cxd4 10. Bxd4 Be7 11. Qe2 Bd7 12. O-O-O Qc7 13. Kb1 Bc5 14. Bxf6 gxf6 15. Bb5 O-O-O 16. Rxd7 Rxd7 17. Bxd7+ Qxd7 18. Rd1 Qc7 19. Ne1 Rd8 20. Nd3 Be7 21. f4 f5 22. g3 Bf6 23. Re1 Qb6 24. a3 Rd4 25. Qd2 Re4 26. Rd1 Qd4 27. Qa5 h5 28. Qb5 Qd8 29. c3 a6 30. Qc5+ Qc7 31. Qf8+ Bd8 32. Ne5 Re2 33. Nxf7 Qxf7 34. Qxd8# 1-0


[Site "https://www.chess.com"]

[Event "Titled Tuesday Blitz January 17 Late 2023"]
[White "Perez Perez, Gabriel"]
[Black "Vlassov, Nikolai"]
[WhiteFideId "32089147"]
[BlackFideId "4103360"]
[WhiteElo "2185"]
[BlackElo "2283"]
[Result "0-1"]
[Round "05"]
[TimeControl "180+2"]
[Date "2023.01.17"]
[WhiteClock "0:00:02"]
[BlackClock "0:00:09"]

1. c4 e5 2. Nf3 e4 3. Nd4 c6 4. Nc3 d5 5. cxd5 Nf6 6. e3 cxd5 7. d3 exd3 8. Bxd3 Nc6 9. Nxc6 bxc6 10. O-O Bd6 11. g3 h5 12. h4 Qd7 13. Re1 O-O 14. e4 Bc5 15. Na4 Bxf2+ 16. Kxf2 dxe4 17. Bf1 Qf5+ 18. Kg1 Be6 19. Be3 Rfd8 20. Qe2 Ng4 21. Bf4 Rd4 22. Nc3 Bc4 23. Qg2 Qc5 24. Kh1 Bd5 25. Nxd5 cxd5 26. Rac1 Qb6 27. b3 a5 28. Be2 a4 29. Bxg4 hxg4 30. Be3 axb3 31. Bxd4 Qxd4 32. axb3 Rb8 33. Rb1 Qe5 34. Kh2 f5 35. b4 Rc8 36. Re2 Rc3 37. b5 f4 38. Rc2 Rxg3 39. Qd2 f3 40. Kh1 Rh3+ 41. Kg1 Qg3+ 0-1


[Site "https://www.chess.com"]

[Event "Titled Tuesday Blitz January 17 Late 2023"]
[White "Graif, William"]
[Black "Sai Krishna G V"]
[WhiteFideId "2609835"]
[BlackFideId "5028280"]
[WhiteElo "2304"]
[BlackElo "2384"]
[Result "1-0"]
[Round "05"]
[TimeControl "180+2"]
[Date "2023.01.17"]
[WhiteClock "0:00:12"]
[BlackClock "0:00:07"]

1. e4 e5 2. Nf3 Nc6 3. Bc4 Nf6 4. d3 h6 5. O-O g6 6. Qe1 Bg7 7. b4 d6 8. Bb2 O-O 9. b5 Ne7 10. Nbd2 Nh5 11. d4 c6 12. dxe5 cxb5 13. Bxb5 dxe5 14. Bxe5 Bxe5 15. Nxe5 Qc7 16. Ndf3 Qxc2 17. Qb4 Nc6 18. Nxc6 bxc6 19. Rfc1 Qxc1+ 20. Rxc1 cxb5 21. Qxb5 Be6 22. Qe2 Rfd8 23. h3 Nf4 24. Qe3 g5 25. h4 Rd3 26. Qc5 Ne2+ 27. Kh2 Nxc1 28. Qxc1 Bxa2 29. hxg5 h5 30. Qc6 Rad8 31. g6 R3d6 32. gxf7+ Bxf7 33. Qc5 Rg6 34. Qxa7 Re8 35. Qd4 Rg4 36. Ne5 Rg7 37. Nxf7 Rxf7 38. f3 Rg7 39. Qe3 Kh7 40. f4 Reg8 41. Qf3 Rg4 42. e5 Kg6 43. f5+ Kg5 44. f6 Rh4+ 45. Kg1 Rf4 46. Qxf4+ Kxf4 47. f7 Rf8 48. e6 Kg5 49. e7 Rxf7 50. e8=Q Rf6 51. Qe5+ Rf5 52. Qg7+ Kh4 53. Kh2 Rg5 54. Qf6 Kg4 55. Qe6+ Kf4 56. Qf6+ Rf5 57. Qd4+ Kg5 58. Qe3+ Kg6 59. Kh3 Rg5 60. Qe4+ Kh6 61. Qe6+ Rg6 62. Qf7 Rg4 63. Qf8+ Kg6 64. Qh8 Kg5 65. Qg7+ Kf5 66. Qh6 Rg5 67. g3 Rg6 68. Qxh5+ Kf6 69. Kh4 Kg7 70. Qe5+ Kh7 71. g4 Rh6+ 72. Kg3 Rg6 73. g5 Rg7 74. Kg4 Kg6 75. Qf6+ Kh7 76. Kh5 Kg8 77. g6 Kh8 78. Qf8+ Rg8 79. Qh6# 1-0


[Site "https://www.chess.com"]

[Event "Titled Tuesday Blitz January 17 Late 2023"]
[White "Ozates, Tuna"]
[Black "Bjelobrk, Igor"]
[WhiteFideId "6354521"]
[BlackFideId "4300726"]
[WhiteElo "2251"]
[BlackElo "2403"]
[Result "0-1"]
[Round "05"]
[TimeControl "180+2"]
[Date "2023.01.17"]
[WhiteClock "0:00:02"]
[BlackClock "0:01:23"]

1. e4 c5 2. Nc3 e6 3. g3 d5 4. Bg2 d4 5. Nce2 e5 6. d3 Nc6 7. f4 f6 8. Nf3 Nh6 9. c4 Nf7 10. a3 a5 11. O-O Bd6 12. f5 Bd7 13. Bd2 Qe7 14. Qb3 Ra7 15. Nh4 Kd8 16. Qc2 Kc7 17. b3 Rha8 18. a4 Rh8 19. Bf3 Raa8 20. Bh5 Rag8 21. Bxf7 Qxf7 22. Kh1 b6 23. Rf2 Be7 24. Raf1 Be8 25. g4 g5 26. Nf3 h5 27. gxh5 Qxh5 28. Ng3 Qh7 29. Be1 Bf8 30. Qd1 g4 31. Ng1 Bh6 32. Bd2 Be3 33. Rg2 Qh6 34. Qe1 Rg7 35. Qe2 Rgh7 36. Re1 Bf4 37. Qf2 Nb4 0-1


[Site "https://www.chess.com"]

[Event "Titled Tuesday Blitz January 17 Late 2023"]
[White "Weetik, Vjacheslav"]
[Black "Radovanovic, Dusan"]
[WhiteFideId "4153472"]
[BlackFideId "926868"]
[WhiteElo "2423"]
[BlackElo "2311"]
[Result "1-0"]
[Round "05"]
[TimeControl "180+2"]
[Date "2023.01.17"]
[WhiteClock "0:00:06"]
[BlackClock "0:00:14"]

1. d4 Nf6 2. Nf3 g6 3. Bg5 Bg7 4. c3 b6 5. Nbd2 Bb7 6. e3 O-O 7. Be2 d6 8. a4 a6 9. O-O Nbd7 10. Re1 h6 11. Bh4 e5 12. dxe5 dxe5 13. Qc2 Qe7 14. e4 g5 15. Bg3 Nh5 16. Nc4 Nc5 17. Bf1 Nxg3 18. hxg3 f5 19. exf5 e4 20. b4 Nd7 21. Nfd2 Nf6 22. Ne3 g4 23. Bc4+ Kh8 24. Be6 h5 25. Ndc4 Nh7 26. Nd5 Bxd5 27. Bxd5 Rad8 28. Rxe4 Qg5 29. Be6 Nf6 30. Re2 Nd5 31. Ne5 Ne7 32. Rae1 Nxf5 33. Nf7+ Rxf7 34. Bxf7 Nd6 35. Qg6 Qxg6 36. Bxg6 Bxc3 37. Rb1 b5 38. axb5 axb5 39. Bxh5 Ra8 40. Bxg4 Ra4 41. Rc2 Ne4 42. Bf3 Nd2 43. Rbc1 Bxb4 44. Rxc7 Nxf3+ 45. gxf3 Bf8 46. Rb7 b4 47. Rc8 Kg8 48. Rbb8 1-0


[Site "https://www.chess.com"]

[Event "Titled Tuesday Blitz January 17 Late 2023"]
[White "Mosquera, Miguel"]
[Black "Solon, Nathan"]
[WhiteFideId "4401131"]
[BlackFideId "2017229"]
[WhiteElo "2371"]
[BlackElo "2306"]
[Result "0-1"]
[Round "05"]
[TimeControl "180+2"]
[Date "2023.01.17"]
[WhiteClock "0:00:06"]
[BlackClock "0:00:14"]

1. d4 Nf6 2. c4 c5 3. Nf3 cxd4 4. Nxd4 e5 5. Nc2 d5 6. cxd5 Qxd5 7. Nc3 Qxd1+ 8. Nxd1 Nc6 9. g3 Nb4 10. Nde3 Nxc2+ 11. Nxc2 Bf5 12. Ne3 Bb4+ 13. Bd2 Bxd2+ 14. Kxd2 O-O-O+ 15. Ke1 Be4 16. f3 Bc6 17. Bh3+ Kb8 18. Kf2 Rd2 19. Nc4 Rd5 20. Rac1 h5 21. Bg2 h4 22. Rhd1 hxg3+ 23. hxg3 e4 24. Ne3 Rxd1 25. Rxd1 exf3 26. exf3 g6 27. a3 Re8 28. Rd6 Nd7 29. Ng4 Kc7 30. Rd2 Nc5 31. Bf1 f5 32. Ne3 Re5 33. b4 Nd7 34. Nc4 Re6 35. Rc2 Kd8 36. Ne3 Nf6 37. Rd2+ Ke7 38. Bc4 Rd6 39. Re2 Kf8 40. f4 Ne4+ 41. Ke1 Nxg3 42. Rh2 Kg7 43. Rh3 Nh5 44. Nxf5+ gxf5 45. Rxh5 Be4 46. Rg5+ Kf6 47. Kf2 Rd4 48. Ke3 Rxc4 49. Rh5 Rc3+ 50. Kd4 Rxa3 51. Rh6+ Ke7 52. Rh7+ Kd6 53. Rh6+ Kc7 54. Rh7+ Kb6 55. Ke5 Kb5 56. Rh6 Kxb4 57. Kf6 a5 58. Kg5 Rg3+ 59. Kh4 Rg1 60. Rb6+ Kc5 61. Re6 a4 62. Re8 a3 63. Rc8+ Kb4 64. Ra8 b5 65. Ra6 Kb3 66. Ra5 b4 67. Ra7 a2 68. Kh3 a1=Q 69. Rxa1 Rxa1 70. Kg3 Rf1 71. Kh2 Kc4 72. Kg3 b3 73. Kh2 b2 74. Kg3 b1=Q 75. Kh2 Qc2+ 76. Kg3 Qg2+ 77. Kh4 Rh1# 0-1


[Site "https://www.chess.com"]